 Dungeon Crawl Stone Soup version 0.27.1-33-g824d729ab1 (webtiles) character file.

Game seed: 8325322540340145838

2183 zeram the Covert (level 9, 0/54 HPs)
             Began as an Octopode Brigand on Dec 13, 2021.
             Was an Initiate of Gozag.
             Killed by divine providence
             ... invoked by an orc priest
              (12 damage)
             ... on level 7 of the Dungeon.
             The game lasted 00:14:07 (9582 turns).

zeram the Covert (Octopode Brigand)                 Turns: 9582, Time: 00:14:08

Health: 0/54       AC:  1    Str: 10    XL:     9   Next: 33%
Magic:  9/9        EV: 14    Int: 16    God:    Gozag
Gold:   860        SH:  6    Dex: 14    Spells: 8/8 levels left

rFire    . . .     SeeInvis .   a - +4 dagger
rCold    . . .     Faith    .   j - +1 buckler
rNeg     . . .     Spirit   .   (helmet restricted)
rPois    .         Reflect  .   k - amulet of magic regeneration
rElec    .         Harm     .   g - ring of resist corrosion
rCorr    +         Rampage  .   (no ring)
Will     .....                  (no ring)
Stlth    ++++++....             (no ring)
HPRegen  0.18/turn              (no ring)
MPRegen  0.36/turn              (no ring)
                                (no ring)
                                (no ring)

@: hasted, very quick
A: almost no armour, amphibious, 8 rings, camouflage 1, gelatinous body 1,
(nimble swimmer 1), tentacles
a: Renounce Religion, Potion Petition, Call Merchant, Bribe Branch


You were on level 7 of the Dungeon.
You worshipped Gozag.
Gozag was pleased with you.
You visited 2 branches of the dungeon, and saw 8 of its levels.
You also visited: Ossuary.

You collected 891 gold pieces.
You paid 31 gold pieces to Gozag.

Inventory:

Hand Weapons
 a - a +4 dagger (weapon)
Missiles
 b - 32 poisoned darts (quivered)
 c - 2 curare-tipped darts
 l - 4 atropa-tipped darts
 v - a throwing net
Armour
 j - a +1 buckler (worn)
Jewellery
 g - a ring of resist corrosion (left tentacle)
 k - an amulet of magic regeneration (around mantle)
Scrolls
 d - 4 scrolls of teleportation
 o - a scroll of magic mapping
 s - a scroll of amnesia
 w - a scroll of fog
 x - a scroll of immolation {unknown}
Potions
 e - a potion of attraction
 f - a potion of cancellation
 h - 3 potions of heal wounds {unknown}
 i - 3 potions of berserk rage {unknown}
 m - 2 potions of lignification {unknown}
 n - 5 potions of curing
 p - a potion of flight
 q - 2 potions of haste
 r - 2 potions of degeneration {unknown}
 t - a potion of might {unknown}
 u - 2 potions of brilliance {unknown}


   Skills:
 - Level 2.0 Fighting
 + Level 6.1 Short Blades
 - Level 2.0 Throwing
 + Level 4.2 Dodging
 + Level 13.2 Stealth
 * Level 3.4 Shields


You had 8 spell levels left.
You didn't know any spells.
Your spell library contained the following spells:

 Spells                   Type           Power      Damage    Failure   Level
 Corona                   Hex            0%         N/A       26%         1
 Corpse Rot               Necr/Air       N/A        N/A       38%         2
 Ensorcelled Hibernation  Hex/Ice        0%         N/A       38%         2
 Poisonous Vapours        Pois/Air       0%         N/A       38%         2
 Slow                     Hex            0%         N/A       38%         2
 Confusing Touch          Hex            0%         N/A       63%         3
 Spider Form              Tmut/Pois      0%         N/A       63%         3
 Tukima's Dance           Hex            0%         N/A       63%         3
 Freezing Cloud           Conj/Ice/Air   0%         6-21      100%        5
 Yara's Violent Unravell  Hex/Tmut       0%         3d3       100%        5
 Shadow Creatures         Summ           N/A        N/A       100%        6


Dungeon Overview and Level Annotations

Branches:
Dungeon (7/15)             Temple (1/1) D:4         Ossuary (visited)

Altars:
Ashenzari
Cheibriados
Dithmenos
Elyvilon
Fedhas
Gozag
Hepliaklqana
Kikubaaqudgha
Makhleb
Okawaru
Qazlal
Ru
Trog
Uskayaw
Xom
Yredelemnul
Zin
The Shining One


Innate Abilities, Weirdness & Mutations

You cannot wear most types of armour.
You are amphibious.
You can wear up to eight rings at the same time.
Your skin changes colour to match your surroundings (Stealth+).
Your rubbery body absorbs attacks. (AC +1, EV +1)
((You are camouflaged near water. (Stealth+)))
You have tentacles for arms and can constrict up to eight enemies at once.


Message History

There are monsters nearby!
The helpless orc fails to defend itself.
You perforate the orc like a sieve!!!!
You kill the orc!
The orc warrior shouts!
The orc priest shouts!
The orc priest invokes the aid of Beogh against you.
You struggle to resist.
The orc warrior misses you.
Things that are here:
5 gold pieces; a +1 trident of venom You closely miss the orc warrior.
You grab the orc warrior. You constrict the orc warrior.
You hit the orc warrior. You squeeze the orc warrior.
The orc warrior is heavily wounded.
You constrict the orc warrior, but do no damage.
The orc priest hits you with a +0 hand axe.
The orc warrior hits you with a +0 dire flail!!
You hit the orc warrior but do no damage.
You squeeze the orc warrior, but do no damage.
The orc warrior is heavily wounded.
You constrict the orc warrior. The orc warrior closely misses you.
The orc priest closely misses you.
You hit the orc warrior.
The orc warrior is heavily wounded.
You constrict the orc warrior.
The orc priest begins to cast a cantrip, but forgets the words!
The orc warrior hits you with a +0 dire flail!!
* * * LOW HITPOINT WARNING * * *
You release your grip on the orc warrior.
The orc priest calls upon Beogh to heal the orc warrior.
The orc warrior is healed somewhat.
You feel yourself speed up. You block the orc warrior's attack.
The orc priest mumbles some strange prayers to Beogh against you.
Beogh smites you!
* * * LOW HITPOINT WARNING * * *
Okay, then.
You feel better.
The orc priest invokes the aid of Beogh against you.
Beogh smites you!
You die...
Your body crumbles into a pile of gold.

# #.......... ... #
###.##.#### # #.# #
# #....# #.##.##.# #
####.## #.......# .
#####...## #$#
...........# #o#
###......##### #.#
#..........#######o#
#.....####...@..o..#
##....# ###########
####.# #.# .. #.


You could see an orc warrior and an orc priest.

Vanquished Creatures
  An ugly thing (D:7)
  A water moccasin (D:4)
  2 necrophages
  A centaur (D:4)
  A kobold brigand (D:6)
  2 scorpions (D:5)
  3 water moccasin zombies (Ossuary)
  An elf skeleton (D:6)
  A wyvern zombie (D:7)
  A wyvern skeleton (D:7)
  3 wights (D:4)
  A howler monkey (D:4)
  2 human zombies (D:6)
  A hound (D:5)
  3 orc priests
  2 jellies
  3 human skeletons (D:6)
  2 mummies (Ossuary)
  12 gnolls
  2 howler monkey skeletons
  8 adders
  A shadow imp (D:7)
  A white imp (D:6)
  An ufetubus (D:5)
  9 adder zombies (Ossuary)
  3 worms
  3 dart slugs
  16 orcs
  5 ball pythons
  A bat zombie (D:6)
  8 endoplasms
  3 giant cockroaches (D:2)
  5 gnoll zombies (Ossuary)
  12 goblins
  9 hobgoblins
  3 jackals (D:2)
  13 kobolds
  6 quokkas
  8 bats
  2 frilled lizards (D:2)
  2 hobgoblin zombies (Ossuary)
  5 kobold zombies (Ossuary)
  2 orc skeletons (D:6)
  8 orc zombies
  9 rats
  A rat zombie (D:6)
189 creatures vanquished.

Vanquished Creatures (others)
  4 plants (D:6)
4 creatures vanquished.

Grand Total: 193 creatures vanquished

Notes
Turn   | Place    | Note
-------+----------+-------------------------------------------
     0 | D:1      | zeram the Octopode Brigand began the quest for the Orb.
     0 | D:1      | Reached XP level 1. HP: 14/14 MP: 1/1
   360 | D:1      | Reached XP level 2. HP: 19/19 MP: 2/2
   509 | D:1      | Found a faded altar of an unknown god.
   786 | D:1      | Reached skill level 6 in Stealth
   981 | D:2      | Reached XP level 3. HP: 24/24 MP: 3/3
  1695 | D:2      | Reached XP level 4. HP: 26/29 MP: 4/4
  1724 | D:2      | Reached skill level 7 in Stealth
  2671 | D:3      | Reached XP level 5. HP: 34/34 MP: 5/5
  3003 | D:3      | Found a hazy altar of Hepliaklqana.
  3443 | D:4      | Noticed a centaur
  3694 | D:3      | Reached skill level 8 in Stealth
  3798 | D:4      | Reached XP level 6. HP: 12/39 MP: 6/6
  4015 | D:4      | Reached skill level 9 in Stealth
  4175 | D:4      | Noticed a water moccasin
  4189 | D:4      | Killed a water moccasin
  4190 | D:4      | Reached XP level 7. HP: 16/45 MP: 7/7
  4877 | D:4      | Reached skill level 10 in Stealth
  5061 | D:4      | Found a staircase to the Ecumenical Temple.
  5070 | Temple   | Entered the Ecumenical Temple
  5246 | Temple   | Became a worshipper of Gozag Ym Sagoz the Greedy
  5286 | D:5      | Entered Level 5 of the Dungeon
  5576 | D:5      | Identified the +4 falchion of Noon {elec, rC+ Stlth+}
  6556 | D:5      | Reached skill level 11 in Stealth
  6556 | D:5      | Reached XP level 8. HP: 23/50 MP: 8/8
  6952 | D:6      | Reached skill level 1 in Shields
  7253 | D:6      | Reached skill level 5 in Short Blades
  7510 | D:6      | Reached skill level 12 in Stealth
  7512 | D:6      | Found a sand-covered staircase.
  7522 | Ossuary  | Entered an ossuary
  8058 | Ossuary  | Identified the +0 robe "Bexeust" {rElec}
  8706 | D:6      | Reached XP level 9. HP: 54/54 MP: 9/9
  8867 | D:6      | Found an ancient bone altar of Kikubaaqudgha.
  9534 | D:7      | Noticed a purple ugly thing
  9539 | D:7      | Killed a purple ugly thing
  9540 | D:7      | Reached skill level 13 in Stealth
  9582 | D:7      | Killed from afar by an orc priest

Illustrated notes

Levels and vault maps discovered:
D:1:      dpeg_arrival_pits, layout_loops_ring, basic_ecumenical_altar
D:2:      layout_basic
D:3:      layout_basic, mainiacjoe_overflow_24_doors, roderic_serpentine_path
D:4:      layout_loops_ring, minmay_temple_entry_fiery,
          kennysheep_cluttered_room
D:5:      layout_loops_ring
D:6:      corexii_shantytown, layout_loops_cross,
          lemuel_zombie_altar_kikubaaqudgha, nicolae_ossuary_entry_catacombs
D:7:      layout_loops_corners, minivault_19
Temple:   regret_index_temple_sphere_string

Skill      XL: |  1  2  3  4  5  6  7  8  9 |
---------------+----------------------------+-----
Stealth        | 6 7 8 9 11 12 13 | 13.2
Short Blades   | 3 4 5 6 |  6.1
Dodging        | 2 3 4 |  4.2
Shields        | 2 3 |  3.4
Fighting       | |  2.0
Throwing       | |  2.0

Action                   |  1- 3 |  4- 6 |  7- 9 || total
-------------------------+-------+-------+-------++-------
Melee: Dagger            |    55 |   114 |   278 ||   447
       Tentacles         |     8 |    26 |    54 ||    88
       Constrict         |    10 |    24 |    59 ||    93
Throw: Dart              |       |     4 |       ||     4
  Use: Scroll            |     3 |     5 |     7 ||    15
       Potion            |       |     2 |     2 ||     4
 Stab: Sleeping          |    18 |    12 |    45 ||    75
       Distracted        |     1 |       |     1 ||     2
Armor: Skin              |     2 |    10 |     6 ||    18
Dodge: Dodged            |    20 |    60 |   119 ||   199
Block: Buckler           |       |       |    29 ||    29
